 Dungeon Crawl Stone Soup version 0.26-a0-639-g72c4674329 (webtiles) character file.

Game seed: 8306784561670142389

495 Apogee the Magician (level 6, -11/32 HPs)
             Began as a Deep Elf Ice Elementalist on Sept 21, 2020.
             Was a Follower of Cheibriados.
             Mangled by a mummy (19 damage)
             ... in an ossuary.
             The game lasted 00:09:10 (4250 turns).

Apogee the Magician (Deep Elf Ice Elementalist)     Turns: 4250, Time: 00:09:11

Health: -11/32     AC:  8    Str:  9    XL:     6   Next: 92%
Magic:  16/17      EV: 13    Int: 24    God:    Cheibriados [*.....]
Gold:   125        SH:  0    Dex: 18    Spells: 7/18 levels left

rFire    + . .     SeeInvis .   j - +0 whip
rCold    . . .     Faith    .   (no shield)
rNeg     . . .     Spirit   .   k - +2 robe {rF+}
rPois    .         Reflect  .   r - +2 helmet
rElec    .         Harm     .   (no cloak)
rCorr    .         Rampage  .   i - +0 pair of gloves
MR       .....                  (no boots)
Stlth    ++........             (no amulet)
HPRegen  0.10/turn              (no ring)
MPRegen  0.15/turn              (no ring)

@: very slow
A: no striking features
a: Bend Time, Renounce Religion


You were in an ossuary.
You worshipped Cheibriados.
Cheibriados was aware of your devotion.
You visited 1 branch of the dungeon, and saw 4 of its levels.
You also visited: Ossuary.

You collected 125 gold pieces.

Inventory:

Hand Weapons
 j - a +0 whip (weapon)
   (You found it on level 1 of the Dungeon)
Missiles
 m - 48 stones (quivered)
 o - a throwing net {!f}
Armour
 a - a +0 robe
 i - a +0 pair of gloves (worn)
   (You found it on level 1 of the Dungeon)
 k - a +2 robe of fire resistance (worn)
   (You found it on level 2 of the Dungeon)
 r - a +2 helmet (worn)
   (You took it off Robin on level 2 of the Dungeon)
Jewellery
 l - a cursed -4 ring of slaying {unknown}
   (You found it on level 2 of the Dungeon)
 u - an uncursed ring of ice {unknown}
   (You found it on level 3 of the Dungeon)
Scrolls
 b - a scroll of enchant armour {unknown}
 e - a scroll of teleportation {unknown}
 g - a scroll of remove curse {unknown}
 h - 2 scrolls of identify {unknown}
 p - a scroll of amnesia {unknown}
 t - a scroll of immolation {unknown}
 v - 2 scrolls of magic mapping {unknown}
 w - a scroll of fear {unknown}
Potions
 c - a potion of haste {unknown}
 d - 2 potions of heal wounds {@q2}
 f - a potion of stabbing {unknown}
 n - a potion of mutation {unknown}
 q - a potion of flight {unknown}
 s - a potion of brilliance {unknown}


   Skills:
 - Level 2.4 Dodging
 - Level 2.4 Stealth
 + Level 6.8 Spellcasting
 + Level 2.8 Summonings
 + Level 6.8 Ice Magic


You had 7 spell levels left.
You knew the following spells:

 Your Spells              Type           Power        Failure   Level
a - Freeze                Ice            ####         1%          1
b - Frozen Ramparts       Ice            #####.       1%          3
c - Ozocubu's Armour      Ice            #####...     1%          3
d - Summon Ice Beast      Ice/Summ       ####....     10%         4

Your spell library contained the following spells:

 Spells                   Type           Power        Failure   Level
 Hailstorm                Conj/Ice       ###.....     19%         4


Dungeon Overview and Level Annotations

Branches:
Dungeon (4/15)            Ossuary (1/1)
 Temple: D:4-7

Altars:
Cheibriados
Nemelex Xobeh
Okawaru
Ru
Vehumet


Message History

No target in view!
No target in view!
No target in view!
No target in view!
No target in view!
No target in view!
No target in view!
No target in view!
No target in view!
No target in view!
Your icy armour cracks and falls away as you move.
There is an open door here.
You open the door.
There is an open door here.
You avoid triggering a dart trap.
There is a dart trap here.
You avoid triggering a dart trap.
There is a dart trap here.
You avoid triggering a dart trap.
There is a dart trap here.
A poisoned dart shoots out and hits you!
There is a dart trap here.
You open the door. 2 mummies come into view.
Found a gate leading back out of this place.
A film of ice covers your body!
You hit the mummy. You barely miss the mummy. The mummy closely misses you.
You hit the mummy. You hit the mummy but do no damage.
A poisoned dart hits the mummy!
You barely miss the mummy. The mummy hits you but does no damage.
The mummy closely misses you.
You hit the mummy. You barely miss the mummy.
The mummy hits you but does no damage. The mummy misses you.
You hit the mummy but do no damage. You barely miss the mummy.
The mummy hits you. The mummy barely misses you.
You hit the mummy. The mummy hits you. The mummy closely misses you.
You hit the mummy but do no damage. The mummy hits you but does no damage.
You hit the mummy but do no damage. The mummy hits you!
* * * LOW HITPOINT WARNING * * *
You closely miss the mummy. The mummy hits you!
* * * LOW HITPOINT WARNING * * *
The mummy closely misses you.
You hit the mummy but do no damage.
Unknown command.
Your icy armour cracks and falls away as you move.
The mummy hits you!!
Ouch! That really hurt!
You die...

#...# #. #...# #.
#...# #. ##'## ##
#^^^# #^ #^.^#
##### #####.
#^^^#...#!!!?#...#.
#.^^M.∩.+?$[?#.∩.'.
#.@M#...#!!!?#...#.
##### ##### ######


You could see 2 mummies.

Vanquished Creatures
  3 water moccasin zombies (Ossuary)
  2 orc priests (D:3)
  3 big kobold zombies (Ossuary)
  Robin (D:2)
  7 gnolls
  3 adders (D:3)
  7 adder zombies (Ossuary)
  2 worms (D:3)
  2 dart slugs (D:1)
  3 leopard geckos
  3 orcs (D:3)
  6 bats
  3 giant cockroaches
  3 gnoll zombies (Ossuary)
  8 goblins
  7 hobgoblins
  2 jackals (D:3)
  3 kobolds
  A quokka (D:3)
  A frilled lizard (D:3)
  4 hobgoblin zombies (Ossuary)
  3 kobold zombies (Ossuary)
  5 orc zombies (Ossuary)
  5 rats
87 creatures vanquished.

Vanquished Creatures (others)
  A plant (D:3)
  4 toadstools (D:1)
5 creatures vanquished.

Grand Total: 92 creatures vanquished

Notes
Turn   | Place    | Note
-------+----------+-------------------------------------------
     0 | D:1      | Apogee the Deep Elf Ice Elementalist began the quest for
                  | the Orb.
     0 | D:1      | Reached XP level 1. HP: 10/10 MP: 6/6
   555 | D:1      | Reached XP level 2. HP: 15/15 MP: 5/8
   921 | D:2      | Reached skill level 5 in Ice Magic
   921 | D:2      | Reached XP level 3. HP: 19/19 MP: 5/10
  1110 | D:2      | Found a snail-covered altar of Cheibriados.
  1163 | D:2      | Became a worshipper of Cheibriados the Contemplative
  1248 | D:2      | Reached XP level 4. HP: 21/24 MP: 7/12
  1250 | D:2      | Noticed Robin
  1254 | D:2      | Killed Robin
  1901 | D:1      | Learned a level 3 spell: Frozen Ramparts
  1905 | D:1      | Learned a level 3 spell: Ozocubu's Armour
  2182 | D:3      | Reached skill level 5 in Spellcasting
  2234 | D:3      | Noticed a phantom
  2352 | D:3      | Reached * piety under Cheibriados
  2352 | D:3      | Reached XP level 5. HP: 28/28 MP: 12/14
  2904 | D:3      | Learned a level 4 spell: Summon Ice Beast
  2969 | D:3      | Found a faded altar of an unknown god.
  3003 | D:3      | Found a sacrificial altar of Ru.
  3003 | D:3      | Found an iron altar of Okawaru.
  3003 | D:3      | Found a radiant altar of Vehumet.
  3057 | D:3      | Reached skill level 1 in Summonings
  3265 | D:4      | Found a sparkling altar of Nemelex Xobeh.
  3267 | D:4      | Found a sand-covered staircase.
  3276 | Ossuary  | Entered an ossuary
  3625 | Ossuary  | Reached XP level 6. HP: 29/32 MP: 17/17
  4250 | Ossuary  | Mangled by a mummy

Illustrated notes

Levels and vault maps discovered:
D:1:      ldierk_walled_garden_2, layout_basic
D:2:      layout_basic, cheibriados_altar_1, uniq_robin
D:3:      cheibrodos_pilgrimage, layout_loops_ring,
          lemuel_coloured_pillars_altar, gammafunk_temple_overflow_claw,
          chequers_ecumenical_altar_simple, serial_bayou_lagoon_a
D:4:      layout_rooms, nicolae_overflow_hidden_temple, lemuel_round_altar,
          minmay_temple_entry_from_below_b,
          lightli_ossuary_entry_decrepit_ruins, portal_sewer_entry_e,
          minmay_misc_feat_columns, kennysheep_generic_room_4
Ossuary:  ossuary_tomb_2

Skill      XL: |  1  2  3  4  5  6 |
---------------+-------------------+-----
Spellcasting   | 4 5 6 |  6.8
Ice Magic      | 5 6 |  6.8
Summonings     | 1 2 |  2.8
Dodging        | |  2.4
Stealth        | |  2.4

Action                   |  1- 3 |  4- 6 || total
-------------------------+-------+-------++-------
Melee: Whip              |     2 |   348 ||   350
 Cast: Freeze            |    45 |    53 ||    98
       Frozen Ramparts   |       |     5 ||     5
       Ozocubu's Armour  |       |    12 ||    12
  Use: Potion            |       |     1 ||     1
 Stab: Sleeping          |       |     1 ||     1
Armor: Robe              |     7 |   139 ||   146
Dodge: Dodged            |    22 |   210 ||   232

Table legend: (Time is in decaauts)
 A = Elapsed time spent in this place.
 B = Non-inter-level travel time spent in this place.
 C = Inter-level travel time spent in this place.
 D = Time resting spent in this place.
 E = Time spent auto-exploring this place.
 F = Levels seen in this place.
 G = Mean time per level.
                   A        B        C        D        E       F      G
               +--------+--------+--------+--------+--------+-----+--------+
         Total |   4694 |   4487 |    207 |   1217 |   2142 |   5 |  938.8 |
       Dungeon |   3663 |   3456 |    207 |    740 |   2069 |   4 |  915.8 |
       Ossuary |   1031 |   1031 |      0 |    477 |     72 |   1 | 1031.0 |
               +--------+--------+--------+--------+--------+-----+--------+

Top non-repeatable levels by time:
     D:2: 1512 daAuts
     D:1: 1063 daAuts
     D:3: 1046 daAuts
 Ossuary: 1031 daAuts
     D:4: 39 daAuts
